 Dungeon Crawl Stone Soup version 0.26.0-10-g1f06aea511 (webtiles) character file.

Game seed: 9037383065087037917

8209 wakim the Thaumaturge (level 11, -9/62 HPs)
             Began as a Deep Elf Conjurer on Jan 21, 2021.
             Was a Priest of Sif Muna.
             Mangled by a boulder beetle (54 damage)
             ... on level 9 of the Dungeon.
             The game lasted 00:48:37 (9717 turns).

wakim the Thaumaturge (Deep Elf Conjurer)           Turns: 9717, Time: 00:48:38

Health: -9/62      AC:  4    Str:  6    XL:     11   Next: 6%
Magic:  1/27       EV: 17    Int: 32    God:    Sif Muna [***...]
Gold:   315        SH:  0    Dex: 13    Spells: 20/30 levels left

rFire    + . .     SeeInvis .   a - +9 mace of Mudgh {speed, Int+4}
rCold    . . .     Faith    .   (no shield)
rNeg     + + +     Spirit   .   r - +0 steam dragon scales
rPois    .         Reflect  .   o - +0 hat
rElec    .         Harm     .   l - -4 cloak of Limited Liability {rF+ rN+++ Int+3 Stlth-} (curse)
rCorr    .         Rampage  .   p - +0 pair of gloves
Will     +....                  v - +0 pair of boots {Stlth+}
Stlth    +++.......             b - amulet of regeneration
HPRegen  0.60/turn              w - +4 ring of slaying
MPRegen  0.20/turn              (no ring)

@: no status effects
A: no striking features
a: Renounce Religion, Channel Magic, Forget Spell


You were on level 9 of the Dungeon.
You worshipped Sif Muna.
Sif Muna was most pleased with you.
You visited 2 branches of the dungeon, and saw 10 of its levels.
You also visited: Sewer and Ossuary.

You collected 715 gold pieces.
You spent 400 gold pieces at shops.

Inventory:

Hand Weapons
 a - the +9 mace of Mudgh (weapon) {speed, Int+4}
   (You found it on level 8 of the Dungeon)

   Attacks with this weapon are significantly faster.
   It affects your intelligence (+4).
Armour
 l - the cursed -4 cloak of Limited Liability (worn) {rF+ rN+++ Int+3 Stlth-}
   (You found it on level 5 of the Dungeon)

   It affects your intelligence (+3).
   It protects you from fire.
   It renders you almost immune to negative energy.
   It makes you less stealthy.
   It has a curse placed upon it.
 o - a +0 hat (worn)
 p - a +0 pair of gloves (worn)
 r - +0 steam dragon scales (worn)
 v - a +0 pair of boots of stealth (worn)
 x - a +0 leather armour of cold resistance
 A - a +0 cloak
 E - a +1 robe of positive energy
Magical Staves
 C - an uncursed staff of cold
Jewellery
 b - an amulet of regeneration (around neck)
 w - a +4 ring of slaying (left hand)
Wands
 d - a wand of polymorph (7)
 n - a wand of paralysis (10)
 u - a wand of digging (8)
 z - a wand of random effects (16)
Scrolls
 c - 4 scrolls of identify
 e - 6 scrolls of teleportation
 h - 2 scrolls of blinking
 j - 3 scrolls of enchant weapon
 m - 8 scrolls of remove curse
 q - 9 scrolls of immolation
 s - 4 scrolls of fear
 y - 2 scrolls of magic mapping
 B - a scroll of summoning {unknown}
 D - 2 scrolls of enchant armour
Potions
 f - 4 potions of brilliance
 g - 3 potions of invisibility
 i - 6 potions of curing
 k - 3 potions of flight
 t - 3 potions of haste


   Skills:
 + Level 4.9 Fighting
 + Level 8.2 Dodging
 + Level 6.4 Stealth
 + Level 10.1 Spellcasting
 - Level 10.0 Conjurations
 - Level 3.0 Translocations
 - Level 5.0 Air Magic
 - Level 2.0 Poison Magic
 + Level 6.3 Invocations


You had 20 spell levels left.
You knew the following spells:

 Your Spells              Type           Power        Failure   Level
a - Magic Dart            Conj           100%         1%          1
b - Searing Ray           Conj           100%         1%          2
c - Iskenderun's Mystic   Conj/Tloc      55%          1%          4
d - Mephitic Cloud        Conj/Pois/Air  51%          1%          3

Your spell library contained the following spells:

 Spells                   Type           Power        Failure   Level
 Apportation              Tloc           70%          1%          1
 Shock                    Conj/Air       100%         1%          1
 Poisonous Vapours        Pois/Air       76%          1%          2
 Swiftness                Air            48%          1%          2
 Conjure Flame            Conj/Fire      48%          1%          3
 Dazzling Flash           Conj/Hex       96%          1%          3
 Static Discharge         Conj/Air       59%          1%          3
 Animate Skeleton         Necr           32%          3%          1
 Corona                   Hex            17%          3%          1
 Summon Small Mammal      Summ           64%          3%          1
 Airstrike                Air            24%          3%          4
 Fulminant Prism          Conj/Hex       24%          3%          4
 Lightning Bolt           Conj/Air       29%          3%          5
 Freezing Cloud           Conj/Ice/Air   24%          52%         6


Dungeon Overview and Level Annotations

Branches:
Dungeon (9/15)             Temple (1/1) D:7             Orc (0/2) D:9
  Sewer (visited)         Ossuary (visited)
   Lair: D:8-11

Altars:
Makhleb
Nemelex Xobeh
Okawaru
Qazlal
Sif Muna

Shops:
D:6 (***   D:7 [

Annotations:
D:9 2 transporters


Message History

Casting: Searing Ray (safe; 1% risk of failure)
Confirm with . or Enter, or press ? or * to list all spells.
You erupt in a blast of force!
The mystic blast hits the boulder beetle.
The boulder beetle is heavily wounded.
The boulder beetle is knocked back by the mystic blast.
The boulder beetle misses you.
The boulder beetle stops rolling and uncurls.
There is a large open translucent door here.
You see here a shapeshifter corpse.
Casting: Iskenderun's Mystic Blast (dangerous; 1% risk of failure)
Confirm with . or Enter, or press ? or * to list all spells.
You don't have enough magic to cast that spell.
Unknown command.
The boulder beetle curls into a ball and begins rolling!
Things that are here:
a +0 short sword; a +0 chain mail; an orc corpse The boulder beetle hits you!!!
Ouch! That really hurt!
You die...

#########.......# #.# #.#
).))))...>......# #.# #.#
####....####'#### #.# #.# .#
#....# #.# #.# #.# .# #....#
#.## ##.# #.# .# #....#
##..#######..# #.# ##
#....###............# #.#
#....##....8####8...# #.#
####.......'(@.)'..[# #.#
#.......8#B)#8...# #.#
#.....####○†####.# #.#
#######.....# #○.# #.# #.#
............# #..# #.# #.#
##.......##.# #..# #.# #.#
.'..(....##.# #..# #.#####.#
##.......#.)## .... ##...)...#
#........#...########...######


You could see a boulder beetle.

Vanquished Creatures
  Harold (D:7)
  A hydra (D:9)
  A centaur warrior (D:9)
  2 two-headed ogres (D:9)
  A moth of wrath (shapeshifter) (D:9)
  A hornet (D:9)
  A shadow (D:6)
  Eustachio (D:6)
  A steam dragon (D:8)
  A water moccasin (D:5)
  2 orc warriors (D:9)
  2 ice beasts (D:6)
  2 sky beasts (D:9)
  A phantom (D:5)
  A black bear (D:9)
  6 ogres
  5 centaurs
  4 bullfrogs
  3 scorpions
  4 killer bees (D:8)
  7 wights (D:9)
  2 centaur zombies (Ossuary)
  7 orc priests (D:9)
  2 hounds
  A human zombie (Ossuary)
  Crazy Yiuf (D:6)
  A bullfrog skeleton (D:5)
  A gnoll shaman (D:4)
  6 orc wizards
  3 centaur skeletons
  2 jellies
  Ijyb (D:3)
  2 iguanas
  14 worker ants
  A big kobold zombie (Ossuary)
  5 mummies
  A worker ant zombie (D:5)
  4 gnolls (D:4)
  9 adders
  4 shadow imps
  2 white imps
  6 oozes
  An adder skeleton (D:5)
  2 dart slugs
  8 worms
  6 leopard geckos
  40 orcs
  6 ball pythons
  9 giant cockroaches
  7 goblins
  4 hobgoblins
  5 jackals
  6 quokkas
  19 bats
  7 frilled lizards
  A goblin zombie (Ossuary)
  2 hobgoblin zombies (D:7)
  A jackal skeleton (D:5)
  4 kobolds
  A kobold zombie (Ossuary)
  A leopard gecko zombie (D:8)
  2 orc zombies (Ossuary)
  A quokka skeleton (D:9)
  7 rats
263 creatures vanquished.

Vanquished Creatures (others)
  4 fungi (D:6)
4 creatures vanquished.

Grand Total: 267 creatures vanquished

Notes
Turn   | Place    | Note
-------+----------+-------------------------------------------
     0 | D:1      | wakim the Deep Elf Conjurer began the quest for the Orb.
     0 | D:1      | Reached XP level 1. HP: 10/10 MP: 6/6
   125 | D:1      | Reached XP level 2. HP: 15/15 MP: 2/8
   505 | D:1      | Learned a level 2 spell: Searing Ray
   511 | D:1      | Reached skill level 5 in Conjurations
   714 | D:2      | Reached XP level 3. HP: 19/19 MP: 6/10
   721 | D:2      | Noticed an ogre
   725 | D:2      | Killed an ogre
   726 | D:2      | Reached XP level 4. HP: 24/24 MP: 2/12
  1176 | D:2      | Reached XP level 5. HP: 25/28 MP: 5/14
  1882 | D:3      | Found a glowing drain.
  1954 | Sewer    | Entered a sewer
  2108 | Sewer    | Reached skill level 5 in Spellcasting
  2732 | D:3      | Reached XP level 6. HP: 19/32 MP: 11/16
  2870 | D:3      | Noticed Ijyb
  2895 | D:3      | Killed Ijyb
  3262 | D:3      | Learned a level 4 spell: Iskenderun's Mystic Blast
  3449 | D:4      | Found a stormy altar of Qazlal.
  3547 | D:4      | Reached skill level 1 in Translocations
  3755 | D:4      | Reached XP level 7. HP: 36/36 MP: 11/18
  4241 | D:5      | Entered Level 5 of the Dungeon
  4337 | D:5      | Got a translucent cloak
  4348 | D:5      | Identified the cursed -4 cloak of Limited Liability {rF+
                  | rN+++ Int+3 Stlth-} (You found it on level 5 of the
                  | Dungeon)
  4528 | D:5      | Reached skill level 1 in Fighting
  4614 | D:5      | Reached XP level 8. HP: 43/43 MP: 14/20
  4715 | D:5      | Found a shimmering blue altar of Sif Muna.
  4718 | D:5      | Became a worshipper of Sif Muna the Loreminder
  5009 | D:5      | Found an iron altar of Okawaru.
  5179 | D:6      | Reached skill level 1 in Invocations
  5239 | D:6      | Found Toost's Antique Weapon Shop.
  5240 | D:6      | Found Ilodghy's General Store.
  5241 | D:6      | Found Calucuq's Assorted Antiques.
  5247 | D:6      | Found Xoleeneo's General Store.
  5254 | D:6      | Bought a scroll labelled BUWYJE FINA for 31 gold pieces
  5330 | D:6      | Learned a level 3 spell: Mephitic Cloud
  5400 | D:6      | Noticed Eustachio
  5404 | D:6      | Killed Eustachio
  5405 | D:6      | Reached skill level 5 in Dodging
  5405 | D:6      | Reached skill level 1 in Air Magic
  5405 | D:6      | Reached skill level 1 in Poison Magic
  5768 | D:6      | Found a runed translucent door.
  5769 | D:6      | Noticed Crazy Yiuf
  5774 | D:6      | Killed Crazy Yiuf
  5836 | D:7      | Found a sand-covered staircase.
  5862 | Ossuary  | Entered an ossuary
  5922 | Ossuary  | Reached XP level 9. HP: 36/49 MP: 8/22
  6355 | D:7      | Reached * piety under Sif Muna
  6389 | D:7      | Found a burning altar of Makhleb.
  6395 | D:7      | Noticed a green death
  6476 | D:7      | Found Pinaut's Antique Armour Emporium.
  6480 | D:7      | Bought a ripped robe for 159 gold pieces
  6480 | D:7      | Bought a pair of embroidered boots for 210 gold pieces
  6480 | D:7      | Identified the +0 robe "Xuvav" {-Cast Will+++} (You bought
                  | it in a shop on level 7 of the Dungeon)
  6707 | D:7      | Noticed Harold
  6731 | D:7      | Killed Harold
  6732 | D:7      | Reached skill level 10 in Conjurations
  6894 | D:7      | Found a staircase to the Ecumenical Temple.
  6905 | Temple   | Entered the Ecumenical Temple
  7474 | D:8      | Got a faintly glowing mace
  7482 | D:8      | Identified the +9 mace of Mudgh {speed, Int+4} (You found
                  | it on level 8 of the Dungeon)
  7599 | D:8      | Reached ** piety under Sif Muna
  8110 | D:9      | Found a transporter.
  8133 | D:9      | Reached XP level 10. HP: 56/56 MP: 17/24
  8555 | D:9      | Found a staircase to the Orcish Mines.
  8567 | D:9      | Reached skill level 5 in Invocations
  8645 | D:9      | Reached *** piety under Sif Muna
  8757 | D:9      | Noticed a seven-headed hydra
  8758 | D:9      | Noticed a centaur warrior
  8759 | D:9      | Noticed a two-headed ogre
  8760 | D:9      | Found a large runed translucent door.
  8760 | D:9      | Found a large runed translucent door.
  8787 | D:9      | Killed a two-headed ogre
  8789 | D:9      | Killed a seven-headed hydra
  8790 | D:9      | Reached skill level 5 in Stealth
  8790 | D:9      | Killed a centaur warrior
  8925 | D:9      | Noticed a two-headed ogre
  8931 | D:9      | Killed a two-headed ogre
  8932 | D:9      | Reached skill level 5 in Air Magic
  9393 | D:9      | Reached skill level 10 in Spellcasting
  9393 | D:9      | Reached XP level 11. HP: 62/62 MP: 17/27
  9524 | D:9      | Found a transporter.
  9682 | D:9      | Noticed a fire crab
  9682 | D:9      | a salamander changed into a fire crab
  9683 | D:9      | a fire crab changed into a moth of wrath
  9703 | D:9      | Noticed a boulder beetle
  9717 | D:9      | Mangled by a boulder beetle

Illustrated notes

Levels and vault maps discovered:
D:1:      giann_forest_graveyard, layout_rooms, minmay_misc_feat_tiny,
          hangedman_decor_points
D:2:      layout_basic, chequers_arboretum
D:3:      layout_rooms, portal_sewer_entry_c, minmay_tree_intersection,
          uniq_ijyb
D:4:      layout_basic, grunt_qazlal_sundering
D:5:      minmay_clustersquares, layout_rooms, kennysheep_mini_moat,
          okawaru_metal_pillars_3
D:6:      layout_basic, kennysheep_pointless_box, minmay_shop_grid_forest,
          uniq_eustachio, uniq_crazy_yiuf_cottage
D:7:      layout_loops_ring, minmay_temple_entry_stoned_glass,
          nicolae_ossuary_entry_giza, serial_shops, shop_fountains,
          makhleb_altar_promises_db, uniq_harold
D:8:      layout_basic
D:9:      gammafunk_cloud_chamber, layout_basic, hiddenorc2_lemuel,
          jmf_multi_god_temple2
Temple:   regret_index_temple_chain_breaker

Skill      XL: |  1  2  3  4  5  6  7  8  9 10 |
---------------+-------------------------------+-----
Conjurations   | 5 6 7 8 9 10 | 10.0
Spellcasting   | 4 5 6 7 8 10 | 10.1
Translocations | 1 2 3 |  3.0
Dodging        | 3 4 5 6 8 |  8.2
Fighting       | 1 2 3 4 |  4.9
Invocations    | 2 4 6 |  6.3
Air Magic      | 1 3 5 |  5.0
Poison Magic   | 1 2 |  2.0
Stealth        | 3 6 |  6.4

Action                   |  1- 3 |  4- 6 |  7- 9 | 10-12 || total
-------------------------+-------+-------+-------+-------++-------
Melee: Dagger            |       |     2 |     6 |       ||     8
       Mace              |       |       |     1 |    17 ||    18
 Cast: Magic Dart        |    45 |    76 |    67 |    35 ||   223
       Searing Ray       |     1 |    29 |    69 |    38 ||   137
       Iskenderun's Myst |       |       |     7 |    19 ||    26
       Mephitic Cloud    |       |       |     8 |     5 ||    13
Invok: Channel Magic     |       |       |       |     3 ||     3
  Use: Scroll            |       |     8 |    13 |       ||    21
       Potion            |       |     4 |       |       ||     4
Armor: Robe              |     1 |     9 |     1 |       ||    11
       Steam dragon scal |       |       |     1 |     5 ||     6
Dodge: Dodged            |     3 |    27 |    45 |    34 ||   109
